 Dungeon Crawl Stone Soup version 0.29-a0-923-g6e406bff71 (webtiles) character file.

Game seed: 18446160289395236935

9 reriks the Shooter (level 2, 15/15 HPs)
             Began as a Spriggan Hunter on July 28, 2022.
             Quit the game on level 1 of the Dungeon.
             The game lasted 00:00:51 (370 turns).

reriks the Shooter (Spriggan Hunter)                 Turns: 370, Time: 00:00:52

Health: 15/15      AC:  2    Str:  7    XL:     2   Next: 6%
Magic:  3/3        EV: 18    Int: 10    God:
Gold:   14         SH:  0    Dex: 18    Spells: 1/1 levels left

rFire   . . .      SeeInvis +   a - +0 shortbow
rCold   . . .      Faith    .   (shield currently unavailable)
rNeg    . . .      Spirit   .   c - +0 robe
rPois   .          Reflect  .   (helmet restricted)
rElec   .          Harm     .   (no cloak)
rCorr   .          Rampage  .   (gloves unavailable)
Will    .....                   (boots unavailable)
Stlth   ++........              (no amulet)
HPRegen 0.05/turn               (no ring)
MPRegen 0.08/turn               (no ring)

@: very quick
A: very small, no large weapons, unfitting armour, see invisible, speed 3
a: no special abilities


You were on level 1 of the Dungeon.
You visited 1 branch of the dungeon, and saw 1 of its levels.

You collected 14 gold pieces.

Inventory:

Hand Weapons
 a - a +0 shortbow (weapon)
Armour
 c - a +0 robe (worn)
Scrolls
 b - a scroll of immolation
 d - 2 scrolls of teleportation {unknown}
 g - a scroll of enchant armour {unknown}
Potions
 e - a potion of heal wounds {unknown}
 f - a potion of curing {unknown}


   Skills:
 + Level 1.7 Fighting
 + Level 4.1 Ranged Weapons
 + Level 3.0 Dodging
 + Level 2.1 Stealth


You had one spell level left.
You didn't know any spells.
Your spell library was empty.

Dungeon Overview and Level Annotations

Branches:
Dungeon (1/15)

Altars:


Innate Abilities, Weirdness & Mutations

You are very small and have problems with some larger weapons.
You are too small for most types of armour.
You have supernaturally acute eyesight. (SInv)
You cover ground extremely quickly. (Speed+++)


Message History

The ball python bites you. The ball python barely misses you. x3
A ball python is nearby!
You shoot an arrow.
The arrow barely misses the ball python.
The ball python misses you. The ball python completely misses you.
A ball python is nearby!
A ball python is nearby!
You shoot an arrow.
The arrow closely misses the ball python.
The ball python closely misses you.
The ball python completely misses you. x2
The ball python barely misses you.
You shoot an arrow.
The arrow closely misses the ball python.
The ball python misses you. The ball python completely misses you.
A ball python is nearby!
You shoot an arrow. The arrow hits the ball python!
You kill the ball python!
A kobold comes into view. It is wielding a +0 dagger.
You shoot an arrow. The arrow hits the kobold.
You kill the kobold!
Your Dodging skill increases to level 3!
Found a stone staircase leading down.
No target in view!
g - a scroll labelled PETEAL NOHUA No target in view!
A hobgoblin comes into view.
You shoot an arrow. The arrow hits the hobgoblin.
You kill the hobgoblin!
A frilled lizard comes into view.
You have reached level 2!
You shoot an arrow. The arrow hits the frilled lizard!
You kill the frilled lizard!
No target in view!
No target in view!
No target in view!
Unknown command.
Are you sure you want to abandon this character and quit the game? (Confirm with "yes".)
Okay, then.
Unknown command.
Are you sure you want to abandon this character and quit the game? (Confirm with "yes".)

♣.♣♣ ♣♣.♣ #.# .#
♣♣.♣♣ #.# .#. ♣..♣
#.# ... ##..# #.#
... #...# #.##.##
#.###
#######.#...# #.#
..........# ##.##
#@# #...# #.#
#.#.############.#
..#...##.........#
#####....#########
..#...#### #.#.###
#...############
##.........[...#


There were no monsters in sight!

Vanquished Creatures
  2 ball pythons (D:1)
  2 bats (D:1)
  2 hobgoblins (D:1)
  2 frilled lizards (D:1)
  A kobold (D:1)
9 creatures vanquished.

Notes
Turn   | Place    | Note
-------+----------+-------------------------------------------
     0 | D:1      | reriks the Spriggan Hunter began the quest for the Orb.
     0 | D:1      | Reached XP level 1. HP: 10/10 MP: 2/2
   369 | D:1      | Reached XP level 2. HP: 15/15 MP: 3/3
   370 | D:1      | Quit the game

Illustrated notes

Levels and vault maps discovered:
D:1:      roderic_dead_forest, layout_loops_ring,
          shapermc_ecumenical_altar_mp_urbaneastern

Skill      XL: |  1 |
---------------+----+-----
Stealth        | 2 |  2.1
Dodging        | 3 |  3.0
Fighting       | |  1.7
Ranged Weapons | |  4.1

Action                   || total
-------------------------++-------
 Fire: Shortbow          ||    24
Dodge: Dodged            ||    17

Table legend: (Time is in decaauts)
 A = Elapsed time spent in this place.
 B = Non-inter-level travel time spent in this place.
 C = Inter-level travel time spent in this place.
 D = Time resting spent in this place.
 E = Time spent auto-exploring this place.
 F = Levels seen in this place.
 G = Mean time per level.
                   A        B        C        D        E       F      G
               +--------+--------+--------+--------+--------+-----+--------+
         Total |    279 |    279 |      0 |      0 |    236 |   1 |  279.0 |
       Dungeon |    279 |    279 |      0 |      0 |    236 |   1 |  279.0 |
               +--------+--------+--------+--------+--------+-----+--------+

Top non-repeatable levels by time:
     D:1: 279 daAuts
